Map: Ruins of Endion

Players

capac - Winner!

  • Race: Terran Terran
  • League: Gold

GUGLI

  • Race: Zerg Zerg
  • League: Gold

VOD

Have the link to the VOD?

Description

Time

  • Played on: May 3, 2016, 12:03 p.m.
  • Length: 23:37
Show
View Real Time Build Order
Export as new Build Order

capac Terran - Winner!

Build Orders: Reaper Expand 

Get SALT Encoding   

  12  0:01  SCV  
  13  0:13  SCV  
  14  0:18  Supply Depot  
  14  0:26  SCV  
  15  0:40  SCV  
  15  0:41  Barracks  
  16  0:45  Refinery  
  16  0:52  SCV  
  17  1:04  SCV  
  18  1:16  SCV  
  19  1:29  Orbital Command  
  19  1:30  Reaper  
  20  1:44  Command Center  
  20  1:53  Supply Depot  
  20  1:55  SCV  
  21  2:02  Marine  
  22  2:13  SCV  
  23  2:17  Factory  
  23  2:18  Refinery  
  23  2:24  Barracks Reactor  
  23  2:28  Barracks  
  23  2:32  SCV  
  24  2:58  SCV  
  24  2:59  Orbital Command  
  24  3:03  Factory Tech Lab  
  24  3:04  Starport  
  25  3:10  Marine x2  
  27  3:16  Barracks Tech Lab  
  27  3:21  SCV  
  28  3:28  Marine  
  28  3:29  Marine  
  30  3:35  Bunker  
  30  3:36  SCV  
  31  3:47  Siege Tank  
  33  3:52  Marine x3  
  33  3:54  Medivac  
  38  3:59  Supply Depot  
  38  4:01  SCV  
  38  4:02  SCV  
  40  4:14  SCV  
  40  4:16  Marine x3, SCV  
  45  4:21  Siege Tank  
  48  4:27  SCV  
  48  4:28  SCV  
  50  4:32  Supply Depot  
  50  4:38  Starport Reactor  
  50  4:39  SCV  
  50  4:40  Marine x2, SCV  
  54  4:53  Marine, SCV x2  
  54  4:56  Supply Depot  
  57  5:01  Marine  
  57  5:02  Marine  
  57  5:04  Siege Tank  
  62  5:15  Barracks  
  62  5:17  Barracks  
  62  5:18  SCV x2  
  64  5:21  Supply Depot  
  64  5:30  SCV x2  
  64  5:32  Refinery  
  64  5:33  Refinery  
  64  5:34  Marine x3  
  69  5:42  SCV, Medivac x2  
  70  5:43  SCV  
  70  5:46  Supply Depot  
  75  5:54  SCV  
  75  5:55  SCV  
  77  6:03  Barracks Reactor x2  
  77  6:05  Stimpack, Command Center  
  77  6:14  Supply Depot, Starport  
  77  6:21  SCV x2  
  77  6:22  Marine x3  
  82  6:29  Engineering Bay  
  82  6:34  Supply Depot  
  82  6:39  Liberator  
  82  6:41  Marine x6  
  82  6:43  Marauder  
  82  6:45  Siege Tank  
  93  6:52  Starport Reactor  
  96  7:20  Marine x6  
  96  7:22  Marauder  
  104  7:28  Terran Infantry Weapons Level 1  
  104  7:30  Engineering Bay  
  104  7:33  Siege Tank  
  104  7:35  Medivac x2  
  111  7:46  Marine x3  
  111  7:47  Marine x3  
  117  7:53  Liberator x2  
  117  7:55  Missile Turret  
  117  8:01  Supply Depot  
  117  8:02  Marauder  
  119  8:05  Missile Turret  
  125  8:15  Marine x4  
  125  8:16  Marine  
  125  8:18  Marine  
  131  8:43  Siege Tank  
  134  8:50  Orbital Command  
  134  8:51  SCV x2  
  134  8:52  Liberator  
  134  8:54  Marine x5  
  141  9:09  Supply Depot, Marauder, Marine, SCV  
  148  9:12  Terran Infantry Armor Level 1  
  148  9:13  Supply Depot, Liberator, Armory  
  148  9:30  Siege Tank, Medivac  
  156  9:31  SCV  
  156  9:34  SCV x2, Medivac  
  161  9:43  SCV  
  162  9:47  Marine x3  
  162  9:49  Command Center  
  165  9:56  Supply Depot  
  165  9:59  Supply Depot  
  165  10:01  Terran Infantry Weapons Level 2  
  165  10:03  Marine x4, Terran Ship Weapons Level 1, SCV x2  
  171  10:09  Supply Depot  
  171  10:21  Refinery, SCV x3  
  171  10:22  Refinery  
  174  10:35  Marine  
  174  10:36  Marine x4  
  174  10:37  Marine  
  174  10:41  Barracks  
  180  10:45  Supply Depot  
  180  10:58  Factory  
  180  11:09  Marine x2  
  180  11:10  Marine x3  
  185  11:19  Liberator x4  
  185  11:31  Barracks Reactor  
  185  11:35  Barracks  
  159  12:14  Marine x9  
  146  12:31  Marine  
  146  12:32  Marine x4  
  151  13:01  Liberator  
  151  13:02  Liberator x3  
  148  13:31  Orbital Command  
  146  13:56  Liberator  
  146  13:57  Liberator x2  
  143  14:03  Marine x4  
  143  14:04  Marine x5  
  161  14:21  Marine x5  
  161  14:22  Marauder  
  168  14:40  Siege Tank  
  169  15:12  Siege Tank  
  168  15:23  Liberator x3  
  168  15:40  Marine  
  168  15:41  Marine x8  
  183  15:58  Marine  
  183  15:59  Marine x8  
  181  16:16  Marine  
  181  16:17  Marine x8  
  171  16:29  Liberator x4  
  171  16:34  Marine x4  
  171  16:35  Marine x5  
  180  16:45  SCV x4  
  196  16:49  Starport  
  196  16:51  Starport  
  196  16:52  Marine x4  
  200  17:01  Refinery  
  200  17:02  Refinery  
  193  17:46  Marine x2  
  167  18:36  Marine x4  
  167  18:37  Marine x5  
  172  18:54  Marine x9  
  170  19:11  Marine  
  170  19:12  Marine x8  
  179  19:29  Marine, Command Center  
  179  19:30  Marine x8, Command Center  
  188  19:47  Marine  
  188  19:48  Marine x5  
  175  20:33  Marine x9  
  184  20:50  Marine  
  184  20:51  Marine  
  183  21:36  Medivac x3  
  183  21:37  Medivac  
Show
View Real Time Build Order
Export as new Build Order

GUGLI Zerg 

Build Orders: Hatch First, Lurkers 

Get SALT Encoding   

  12  0:02  Drone  
  13  0:08  Drone  
  14  0:39  Hatchery  
  14  0:42  Overlord  
  13  0:49  Extractor  
  12  0:50  Drone  
  14  1:01  Drone x2  
  16  1:10  Drone  
  17  1:13  Extractor  
  16  1:22  Spawning Pool  
  16  1:25  Drone  
  16  1:29  Drone  
  17  1:39  Drone  
  18  1:52  Drone  
  19  1:58  Drone  
  19  2:00  Extractor  
  19  2:04  Drone x2  
  20  2:11  Zergling x2  
  20  2:12  Queen  
  23  2:22  Metabolic Boost  
  23  2:28  Zergling x2, Roach Warren  
  23  2:43  Zergling x4  
  24  2:45  Drone x3  
  27  3:16  Extractor, Drone  
  27  3:17  Overlord  
  27  3:33  Overlord x2  
  27  3:35  Queen  
  29  3:45  Drone x3  
  32  3:50  Drone x3  
  34  4:14  Roach x3  
  40  4:17  Roach  
  40  4:19  Hatchery, Roach  
  43  4:30  Roach  
  43  4:31  Roach x2  
  49  4:34  Roach  
  51  4:42  Overlord  
  51  4:45  Extractor  
  51  4:50  Drone  
  51  4:51  Overlord  
  51  4:55  Evolution Chamber  
  51  4:58  Drone  
  51  5:00  Overlord  
  51  5:02  Drone  
  52  5:13  Drone x4  
  56  5:16  Drone  
  55  5:33  Drone  
  56  5:37  Lair  
  56  5:38  Drone x3  
  59  5:44  Drone x3  
  59  5:45  Zerg Melee Weapons Level 1  
  62  5:53  Drone x2  
  64  6:03  Drone, Spore Crawler  
  64  6:07  Drone x3  
  67  6:14  Evolution Chamber, Drone  
  67  6:15  Drone x3  
  67  6:16  Spore Crawler  
  69  6:20  Queen, Drone x2  
  73  6:26  Drone  
  73  6:28  Overlord x2  
  74  6:38  Hydralisk Den  
  74  6:39  Drone x2  
  75  6:41  Zerg Ground Armor Level 1  
  75  6:46  Drone x3  
  78  6:50  Spore Crawler  
  77  7:03  Roach x5  
  77  7:04  Roach  
  77  7:08  Overlord, Hydralisk Den  
  88  7:16  Spine Crawler  
  88  7:21  Hydralisk x3  
  91  7:23  Lurker Den  
  91  7:43  Hydralisk, Muscular Augments  
  91  7:44  Hydralisk x2  
  91  7:47  Hydralisk x4  
  105  7:53  Overlord x2  
  105  7:59  Extractor  
  105  8:00  Drone x2  
  105  8:02  Extractor  
  105  8:12  Hatchery  
  105  8:14  Drone x4  
  108  8:27  Hydralisk x4  
  116  8:35  Zerg Missile Weapons Level 1  
  116  8:38  Zerg Ground Armor Level 2  
  116  8:42  Drone x4  
  116  8:44  Overlord  
  116  8:45  Overlord  
  120  8:53  Hatchery  
  119  8:58  Lurker x3  
  122  9:10  Spire  
  121  9:17  Spore Crawler  
  120  9:29  Spore Crawler  
  120  9:30  Spore Crawler  
  118  9:38  Overlord x2  
  118  9:39  Overlord x3  
  118  9:49  Hydralisk x3  
  118  9:50  Hydralisk x2  
  128  9:53  Drone x2  
  128  9:54  Drone  
  131  10:12  Drone  
  131  10:13  Queen  
  134  10:18  Extractor  
  134  10:19  Extractor  
  132  10:26  Queen  
  134  10:32  Zerg Flyer Weapons Level 1  
  134  10:36  Infestation Pit  
  134  10:41  Spore Crawler  
  132  10:43  Drone x3  
  132  10:47  Spore Crawler  
  132  10:48  Spore Crawler  
  133  10:51  Mutalisk x4  
  133  10:52  Mutalisk x2  
  133  10:54  Nydus Network  
  144  11:07  Spore Crawler  
  144  11:08  Drone x2, Spore Crawler  
  144  11:09  Spore Crawler  
  143  11:17  Corruptor  
  143  11:18  Mutalisk x2  
  145  11:24  Roach  
  145  11:25  Roach x4  
  110  12:10  Hydralisk x5  
  110  12:11  Hydralisk x5  
  116  12:21  Lurker x2  
  116  12:38  Mutalisk x2  
  73  13:22  Roach x6  
  73  13:23  Roach x3  
  78  13:37  Drone x5  
  80  13:43  Hydralisk  
  80  13:44  Hydralisk x7  
  80  13:45  Hydralisk  
  80  13:47  Queen  
  100  13:51  Drone  
  100  13:52  Drone  
  87  14:10  Nydus Canal  
  87  14:12  Mutalisk x2  
  87  14:16  Zergling x4  
  93  14:22  Drone x2  
  93  14:23  Drone x4  
  99  14:28  Queen  
  99  14:30  Roach x5  
  99  14:31  Roach x2  
  115  14:46  Nydus Canal  
  115  14:50  Zergling x10  
  115  14:51  Zergling x4  
  85  15:08  Corruptor x4  
  85  15:09  Corruptor x2  
  81  15:17  Hydralisk x3  
  83  15:26  Hatchery  
  73  15:29  Extractor  
  73  15:30  Drone x5  
  73  15:31  Extractor  
  74  15:37  Hydralisk x5  
  74  15:41  Roach  
  90  15:50  Zergling x8, Roach x2  
  77  16:15  Zergling x6  
  64  16:21  Zergling x4  
  64  16:22  Zergling x10  
  56  16:43  Hydralisk x2  
  60  16:47  Hydralisk x2  
  60  16:48  Hydralisk x2  
  68  17:00  Drone x2  
  68  17:01  Drone  
  71  17:10  Hydralisk x3  
  74  17:15  Lurker  
  74  17:16  Lurker  
  74  17:21  Drone  
  76  17:24  Drone  
  65  17:49  Hydralisk  
  65  17:50  Hydralisk x5  
  77  17:52  Lurker  
  79  17:58  Drone x3  
  81  18:12  Zergling x6  
  71  18:13  Zergling x4  
  63  18:24  Zergling x12  
  63  18:25  Zergling x2  
  62  18:29  Queen  
  61  18:35  Drone x3  
  62  18:47  Drone  
  55  18:55  Zergling x2  
  55  18:56  Hydralisk  
  55  18:57  Hydralisk x4  
  55  19:00  Roach  
  68  19:10  Drone x2  
  68  19:12  Spawning Pool  
  70  19:31  Drone x2  
  59  20:29  Drone x3  
  59  20:30  Drone x3  
  59  20:34  Lair, Drone  
  66  20:41  Spore Crawler  
  65  20:45  Spore Crawler  
  65  20:47  Spore Crawler  
  65  20:49  Spore Crawler  
  62  20:50  Overlord, Zergling x4  
  62  20:51  Zergling x14  
  62  20:55  Baneling Nest  
  62  20:56  Drone x2  
  58  21:22  Zergling x8  
  58  21:30  Drone x3  
  57  21:36  Hatchery  
  57  21:38  Spire, Zergling x2  
  57  21:39  Zergling x4  
  44  21:54  Zergling x4  
  44  22:00  Nydus Network  
  45  22:09  Baneling x4  
  45  22:10  Baneling x2  
  45  22:23  Baneling  
  45  22:24  Baneling x3  
  45  22:40  Nydus Canal  
  45  22:51  Mutalisk x5  
  45  22:52  Mutalisk x3  
  61  23:04  Hatchery  
  61  23:05  Extractor  
  59  23:06  Extractor  
  59  23:10  Overseer  
Tags
 
Add a new tag
Caveats
  • Supply blocks, unpowered buildings, or Contaminate may cause inaccurate times.
  • Supply counts are checked every 10 seconds.